 Dungeon Crawl Stone Soup version 0.18-a0-902-g8738618 (webtiles) character file.

0 Jmtri7 the Charlatan (level 1, 0/15 HPs)
             Began as a Formicid Artificer on Dec 25, 2015.
             Slain by a killer bee (5 damage)
             ... on level 12 of the Dungeon.
             The game lasted 00:01:08 (137 turns).

Jmtri7 the Charlatan (Formicid Artificer)            Turns: 137, Time: 00:01:08

Health: 0/15       AC:  3    Str: 15    XL:     1   Next: 0%
Magic:  3/3        EV: 11    Int: 11    God:
Gold:   0          SH:  0    Dex: 11    Spells: 0 memorised, 0 levels left

rFire  . . .     SeeInvis +     g - +2 short sword (drain)
rCold  . . .     Gourm    .     b - +0 leather armour
rNeg   . . .     Faith    .     (no shield)
rPois  .         Spirit   .     (helmet unavailable)
rElec  .         Dismiss  .     (no cloak)
rCorr  .         Reflect  .     (no gloves)
SustAt .         Harm     .     (no boots)
MR     .....                    (no amulet)
Stlth  +.........               (no ring)
                                (no ring)

@: not resistant to hostile enchantments, very unstealthy
A: permanent stasis, dig shafts and tunnels, four strong arms, antennae 3
a: Dig, Shaft Self


You were on level 12 of the Dungeon.
You were not hungry.

You visited 1 branch of the dungeon, and saw 8 of its levels.

Inventory:

Hand Weapons
 g - a +2 short sword of draining (weapon)
Armour
 b - a +0 leather armour (worn)
Wands
 c - a wand of flame (15/48)
 d - a wand of enslavement (11/24)
 e - a wand of random effects (15/48)
Comestibles
 f - a bread ration


   Skills:
 - Level 1.1 Fighting
 - Level 1.0 Short Blades
 - Level 1.7 Dodging
 - Level 1.2 Stealth
 + Level 3.2 Evocations


You couldn't memorise any spells.
You didn't know any spells.

Dungeon Overview and Level Annotations

Branches:
Dungeon (9/15)
 Temple: D:4-7         Lair: D:8-11         Orc: D:9-12

Altars:

Annotations:
D:7 Joseph
D:12 Urug


Innate Abilities, Weirdness & Mutations

You are under a permanent stasis effect.
You can dig through walls and to a lower floor.
Your four strong arms can wield two-handed weapons with a shield.
You have a pair of large antennae on your head (SInv).


Message History

Your killer bee dies!
Zapping:
d - a wand of enslavement (14/24)
Press: ? - help, Shift-Dir - straight line, f - killer bee
Aim: a killer bee (chance to defeat MR: 62%)
The killer bee resists with significant effort.
This wand has 13 charges left.
The killer bee misses you. The killer bee closely misses you. x2
Zapping:
d - a wand of enslavement (13/24)
Press: ? - help, Shift-Dir - straight line, f/p - killer bee
Aim: a killer bee (chance to defeat MR: 62%)
The killer bee resists with significant effort.
This wand has 12 charges left.
The killer bee stings you! The killer bee closely misses you. x2
The killer bee stings you.
Zapping:
d - a wand of enslavement (12/24)
Press: ? - help, Shift-Dir - straight line, f/p - killer bee
Aim: a killer bee (chance to defeat MR: 62%)
The killer bee is charmed.
This wand has 11 charges left.
The killer bee stings you.
You die...

#....#.....o.
#....#.......
#....#.....#
#....#.....##
#....#.......
#....#.......
#....#..)..#
#...y'.....#
#..@y#.....#
#....#.....#
#....#.....#
#....#.....#
#....#.....#
#....#.....#
#....#......
#....#{
#....#


You could see a killer bee and a friendly killer bee.

Vanquished Creatures (others)
  A killer bee (D:12)
1 creature vanquished.

Notes
Turn   | Place    | Note
--------------------------------------------------------------
     0 | D:1      | Jmtri7 the Formicid Artificer began the quest for the Orb.
     0 | D:1      | Reached XP level 1. HP: 15/15 MP: 3/3
     3 | D:1      | You fall through a shaft!
     6 | D:2      | You fall through a shaft for 2 floors!
     9 | D:4      | You fall through a shaft!
     9 | D:5      | Entered Level 5 of the Dungeon
    12 | D:5      | You fall through a shaft for 2 floors!
    12 | D:7      | Noticed Joseph
    12 | D:7      | Noticed a sky beast
    15 | D:7      | You fall through a shaft!
    15 | D:8      | Noticed an ice beast
    18 | D:8      | You fall through a shaft!
   126 | D:9      | You fall through a shaft for 3 floors!
   128 | D:12     | Noticed a killer bee
   128 | D:12     | Noticed a killer bee
   128 | D:12     | Noticed a killer bee
   130 | D:12     | Noticed Urug
   137 | D:12     | Slain by a killer bee

Vault maps used:
D:1:      ldierk_water_garden
D:2:      nicolae_ru_path_of_blood, roderic_lattice_a
D:4:      corexii_shantytown, first_bread, minmay_box_of_dots
D:5:      lemuel_blue_sif_altar, portal_sewer_entry_a, st_stairs_1,
          uniq_eustachio
D:7:      serial_curves, eino_curves_01, eino_curves_03,
          minmay_unpleasant_kobolds, uniq_joseph
D:8:      xom_shifter_show, serial_shops, shop
D:12:     nicolae_trove_entry_diagonal, uniq_urug

Action                   || total
-------------------------++-------
 Abil: Shaft Self        ||     7
Evoke: Wand              ||     4
